 Dungeon Crawl Stone Soup version 0.27-a0-1200-g94dc6ad (webtiles) character file.

Game seed: 3219993165797252331

550 HDogLeCool the Shield-Bearer (level 7, -17/44 HPs)
             Began as a Gargoyle Fighter on June 1, 2021.
             Was a Believer of Uskayaw.
             Demolished by Edmund
             ... wielding a +4 vorpal flail
              (18 damage)
             ... on level 5 of the Dungeon.
             The game lasted 00:14:49 (5349 turns).

HDogLeCool the Shield-Bearer (Gargoyle Fighter)     Turns: 5349, Time: 00:14:50

Health: -17/44     AC: 12    Str: 21    XL:     7   Next: 29%
Magic:  5/7        EV:  8    Int: 12    God:    Uskayaw [**....]
Gold:   238        SH: 10    Dex: 15    Spells: 5/6 levels left

rFire    . . .     SeeInvis .   a - +0 flail
rCold    . . .     Faith    .   c - +0 kite shield
rNeg     + . .     Spirit   .   r - +1 ring mail of Ornamental the Leaf {Int+3 Dex+6}
rPois    ∞         Reflect  .   (no helmet)
rElec    +         Harm     .   (no cloak)
rCorr    .         Rampage  .   k - +0 pair of gloves
Will     .....                  (no boots)
Stlth    +.........             (no amulet)
HPRegen  0.14/turn              (no ring)
MPRegen  0.10/turn              (no ring)

@: no status effects
A: sickness immunity, AC +4, negative energy resistance 1, electricity
resistance, torment resistance 1, petrification resistance
a: Renounce Religion, Stomp, Line Pass


You were on level 5 of the Dungeon.
You worshipped Uskayaw.
Uskayaw was noncommittal.
You visited 1 branch of the dungeon, and saw 5 of its levels.

You collected 238 gold pieces.

Inventory:

Hand Weapons
 a - a +0 flail (weapon)
Missiles
 e - 169 stones (quivered)
Armour
 b - a +0 scale mail
 c - a +0 kite shield (worn)
 k - a +0 pair of gloves (worn)
 r - the +1 ring mail of Ornamental the Leaf (worn) {Int+3 Dex+6}
   (You found it on level 4 of the Dungeon)

   It affects your intelligence (+3).
   It affects your dexterity (+6).
Jewellery
 q - a ring of fire
Wands
 v - a wand of iceblast (11)
Scrolls
 f - a scroll of amnesia {unknown}
 h - a scroll of vulnerability {unknown}
 i - 3 scrolls of fog {unknown}
 j - 2 scrolls of enchant armour {unknown}
 l - 2 scrolls of teleportation {unknown}
 m - 3 scrolls of identify {unknown}
 t - a scroll of noise {unknown}
 u - a scroll of blinking {unknown}
Potions
 g - a potion of curing {unknown}
 n - 3 potions of degeneration {unknown}
 o - a potion of attraction {unknown}
 p - a potion of heal wounds {unknown}
 s - a potion of flight {unknown}


   Skills:
 + Level 5.1 Fighting
 + Level 3.8 Maces & Flails
 - Level 3.5 Armour
 * Level 6.1 Shields
 + Level 3.0 Conjurations


You had 5 spell levels left.
You knew the following spells:

 Your Spells              Type           Power      Damage    Failure   Level
a - Magic Dart            Conj           28%        1d4       45%         1

Your spell library contained the following spells:

 Spells                   Type           Power      Damage    Failure   Level
 Beastly Appendage        Tmut           0%         N/A       86%         1
 Blink                    Tloc           N/A        N/A       95%         2
 Call Imp                 Summ           0%         N/A       95%         2
 Slow                     Hex            0%         N/A       95%         2
 Wereblood                Tmut           0%         N/A       95%         2
 Conjure Flame            Conj/Fire      3%         6-21      95%         3
 Mephitic Cloud           Conj/Pois/Air  2%         N/A       98%         3
 Spider Form              Tmut/Pois      0%         N/A       99%         3
 Ice Form                 Ice/Tmut       0%         N/A       100%        4
 Hydra Form               Tmut           0%         N/A       100%        5


Dungeon Overview and Level Annotations

Branches:
Dungeon (5/15)
 Temple: D:4-7

Altars:
Ashenzari
Dithmenos
Makhleb
Okawaru
Qazlal
Uskayaw
Vehumet
Wu Jian

Annotations:
D:3 2 transporters, Taxman66's ghost, amateur MiHu
D:5 Edmund


Innate Abilities, Weirdness & Mutations

You are immune to sickness and miasma.
Your stone body is resilient. (AC +4)
You are immune to poison.
You resist negative energy. (rN+)
You are resistant to electric shocks. (rElec)
You are resistant to unholy torment.
You are immune to petrification.


Message History

Edmund hits you but does no damage. Edmund hits you with a +4 vorpal flail.
You closely miss Edmund.
Edmund is moderately wounded.
Edmund drinks a potion.
Edmund seems to grow stronger.
You sock Edmund!
Edmund is heavily wounded.
Edmund hits you with a +4 vorpal flail.
You can now stomp with the beat.
You hit Edmund but do no damage.
Edmund is heavily wounded.
Edmund barely misses you. Edmund hits you but does no damage.
You sock Edmund!
Edmund is severely wounded.
Edmund hits you with a +4 vorpal flail.
You sock Edmund!
Edmund is almost dead.
Edmund barely misses you.
You can now pass through a line of other dancers.
You closely miss Edmund.
Edmund is almost dead.
You block Edmund's attack. x2
You hit Edmund.
Edmund is almost dead.
Edmund hits you but does no damage.
You barely miss Edmund.
Edmund is almost dead.
You block Edmund's attack. x2
You closely miss Edmund.
Edmund is almost dead.
Edmund hits you with a +4 vorpal flail.
You hit Edmund.
Edmund is almost dead.
Edmund hits you with a +4 vorpal flail!
* * * LOW HITPOINT WARNING * * *
x2 Edmund misses you.
You hit Edmund.
Edmund is almost dead.
Edmund says, "I'm quite good with sums, too."
Edmund hits you with a +4 vorpal flail!!
You die...

###........#. #
#.###..#### #
#.###.###.# #
#.#...###.# #
#.#.......# #
#.#.>.....###### #
#.##...........# # #
#.........####.#.#####
# ###.#...## #@@......
# #.##.## #.....###
#.##.# ##...## #. #.#
#.## .. ## #


You could see Edmund (strong).

Vanquished Creatures
  A necrophage (D:5)
  A phantom (D:4)
  2 scorpions
  A hound (D:4)
  A scorpion zombie (D:5)
  Ijyb (D:5)
  2 orc wizards (D:5)
  3 gnolls (D:2)
  A howler monkey skeleton (D:5)
  3 adders
  An ufetubus (D:5)
  A worm (D:2)
  A dart slug (D:3)
  7 orcs
  9 ball pythons
  5 endoplasms
  4 giant cockroaches
  A goblin (D:3)
  4 hobgoblins
  5 jackals (D:1)
  6 kobolds
  2 quokkas (D:1)
  5 bats
  5 frilled lizards
  2 rats
74 creatures vanquished.

Notes
Turn   | Place    | Note
-------+----------+-------------------------------------------
     0 | D:1      | HDogLeCool the Gargoyle Fighter began the quest for the
                  | Orb.
     0 | D:1      | Reached XP level 1. HP: 14/14 MP: 1/1
     7 | D:1      | Noticed a lindwurm
     7 | D:1      | Noticed a hound
     7 | D:1      | Noticed a rime drake
     8 | D:1      | Noticed a killer bee
   231 | D:1      | Reached XP level 2. HP: 19/19 MP: 2/2
   770 | D:1      | Learned a level 1 spell: Magic Dart
   996 | D:2      | Reached XP level 3. HP: 15/24 MP: 3/3
  1152 | D:2      | Found a faded altar of an unknown god.
  1325 | D:2      | Reached skill level 4 in Shields
  1325 | D:2      | Reached XP level 4. HP: 13/29 MP: 4/4
  1421 | D:2      | Became a worshipper of Uskayaw the Reveller
  1421 | D:2      | Reached * piety under Uskayaw
  2532 | D:3      | Found a transporter.
  2535 | D:3      | Noticed Taxman66's ghost (amateur MiHu)
  2565 | D:3      | Reached ** piety under Uskayaw
  2566 | D:3      | Reached skill level 1 in Conjurations
  2657 | D:3      | Found a stormy altar of Qazlal.
  2680 | D:3      | Found an iron altar of Okawaru.
  2855 | D:3      | Found a shadowy altar of Dithmenos.
  2959 | D:3      | Found a transporter.
  3103 | D:4      | Found an ornate altar of the Wu Jian Council.
  3221 | D:4      | Found a burning altar of Makhleb.
  3235 | D:4      | Reached XP level 5. HP: 33/33 MP: 5/5
  3260 | D:4      | Noticed a phantom
  3283 | D:4      | Killed a phantom
  3529 | D:4      | Reached skill level 5 in Shields
  3529 | D:4      | Reached XP level 6. HP: 37/39 MP: 6/6
  3776 | D:4      | Identified the +1 ring mail of Ornamental the Leaf {Int+3
                  | Dex+6}
  3982 | D:4      | Found a radiant altar of Vehumet.
  4134 | D:5      | Entered Level 5 of the Dungeon
  4422 | D:5      | Noticed a necrophage
  4439 | D:5      | Killed a necrophage
  4439 | D:5      | Reached *** piety under Uskayaw
  4499 | D:5      | Found a broken altar of Ashenzari.
  4579 | D:5      | Identified the +2 hand axe "Wovolomi" {protect, rN+}
  4625 | D:5      | Reached skill level 5 in Fighting
  4625 | D:5      | Reached XP level 7. HP: 35/44 MP: 7/7
  4706 | D:5      | Noticed Ijyb
  4733 | D:5      | Killed Ijyb
  4935 | D:5      | Reached skill level 6 in Shields
  5335 | D:5      | Noticed Edmund
  5348 | D:5      | HP: 1/44 [Edmund/+4 vorpal flail (4)]
  5349 | D:5      | Demolished by Edmund

Illustrated notes

Levels and vault maps discovered:
D:1:      onia_arrival_zoo_common, layout_basic
D:2:      layout_loops_cross, serial_aquarium, aquarium_bridge_square
          [aquarium_subvault_bridge, aquarium_subvault_bridge,
          aquarium_subvault_balcony, aquarium_subvault_bridge],
          aquarium_bridge_island_small [aquarium_subvault_small_water,
          aquarium_subvault_window, aquarium_subvault_wall,
          aquarium_subvault_window, aquarium_subvault_bridge],
          aquarium_window_corridor_3, aquarium_window_fake, aquarium_window_2,
          aquarium_window_fake, aquarium_view_2g, aquarium_view_2d,
          aquarium_pool_2, ebering_ecumenical_altar_webs, due_unseen_surprise
D:3:      layout_basic, okawaru_trees_1, lemuel_coloured_pillars_altar,
          lemuel_tele_altar, gammafunk_ghost_stat_death, supply_closet_lemuel,
          nrook_uturn
D:4:      layout_loops_ring, nzn_wu_jian_contemplation, amcnicky_altar_gilded,
          makhleb_heckhound_becter
D:5:      layout_loops_corners, lemuel_crystal_altar, yredelemnul_altar_generic,
          minmay_temple_entry_glassed_door, minmay_misc_feat_alley,
          amethyst_killhole, uniq_edmund, uniq_ijyb, uniq_eustachio,
          uniq_sigmund

Skill      XL: |  1  2  3  4  5  6  7 |
---------------+----------------------+-----
Fighting       | 4 5 |  5.1
Shields        | 4 5 6 |  6.1
Conjurations   | 1 2 3 |  3.0
Maces & Flails | 3 |  3.8
Armour         | |  3.5

Action                   |  1- 3 |  4- 6 |  7- 9 || total
-------------------------+-------+-------+-------++-------
Melee: Flail             |    95 |   203 |    54 ||   352
Throw: Stone             |       |     2 |       ||     2
Invok: Stomp             |       |       |     1 ||     1
  Use: Potion            |       |       |     1 ||     1
Armor: Scale mail        |    54 |    99 |       ||   153
       Ring mail         |       |    24 |    33 ||    57
Dodge: Dodged            |    33 |    72 |    20 ||   125
Block: Kite shield       |    55 |   124 |    28 ||   207

Table legend: (Time is in decaauts)
 A = Elapsed time spent in this place.
 B = Non-inter-level travel time spent in this place.
 C = Inter-level travel time spent in this place.
 D = Time resting spent in this place.
 E = Time spent auto-exploring this place.
 F = Levels seen in this place.
 G = Mean time per level.
                   A        B        C        D        E       F      G
               +--------+--------+--------+--------+--------+-----+--------+
         Total |   5516 |   5381 |    135 |   1034 |   3392 |   5 | 1103.2 |
       Dungeon |   5516 |   5381 |    135 |   1034 |   3392 |   5 | 1103.2 |
               +--------+--------+--------+--------+--------+-----+--------+

Top non-repeatable levels by time:
     D:2: 1438 daAuts
     D:5: 1255 daAuts
     D:4: 1093 daAuts
     D:1: 1019 daAuts
     D:3: 710 daAuts
